 Dungeon Crawl Stone Soup version 0.17.1-2-g5865329 (webtiles) character file.

218 Grim the Shooter (level 5, -2/42 HPs)
             Began as a Minotaur Hunter on Jan 19, 2016.
             Slain by Blork the orc
             ... wielding a +0 halberd
              (7 damage)
             ... on level 4 of the Dungeon.
             The game lasted 00:05:30 (2266 turns).

Grim the Shooter (Minotaur Hunter)                  Turns: 2266, Time: 00:05:30

Health: -2/42      AC:  3    Str: 16    XL:     5   Next: 63%
Magic:  4/4        EV: 12    Int:  8    God:
Gold:   161        SH:  0    Dex: 12    Spells: 0 memorised, 4 levels left

rFire  . . .     SeeInvis .     b - +0 short sword
rCold  . . .     Clarity  .     c - +0 leather armour
rNeg   . . .     SustAt   .     (no shield)
rPois  .         Gourm    .     (helmet restricted)
rElec  .         Spirit   .     (no cloak)
rCorr  .         Warding  .     (no gloves)
rMut   .         Stasis   .     (no boots)
MR     .....                    (no amulet)
Stlth  +.........               (no ring)
                                (no ring)

@: not resistant to hostile enchantments, very unstealthy
A: retaliatory headbutt, horns 2
a: no special abilities


You were on level 4 of the Dungeon.
You were very hungry.

You visited 1 branch of the dungeon, and saw 4 of its levels.

You collected 161 gold pieces.

Inventory:

Hand Weapons
 a - a +1 shortbow
 b - a +0 short sword (weapon)
Missiles
 p - 5 arrows of flame
Armour
 c - a +0 leather armour (worn)
Jewellery
 l - an uncursed ring of magical power {unknown}
Scrolls
 f - 2 scrolls of teleportation {unknown}
 g - 4 scrolls of identify {unknown}
 h - a scroll of enchant weapon {unknown}
 n - 2 scrolls of immolation {unknown}
 q - a scroll of blinking {unknown}
 s - a scroll of remove curse {unknown}
 t - a scroll of magic mapping {unknown}
Potions
 i - 2 potions of flight {unknown}
 j - a potion of might {unknown}
 k - a potion of resistance
 m - a potion of poison {unknown}
 o - 2 potions of curing {unknown}
 r - 2 potions of invisibility {unknown}
Comestibles
 e - 4 bread rations


   Skills:
 - Level 2.4 Fighting
 + Level 4.1 Short Blades
 + Level 6.2 Bows
 - Level 2.1 Dodging
 - Level 0.7 Stealth


You had 4 spell levels left.
You didn't know any spells.

Dungeon Overview and Level Annotations

Branches:
Dungeon (4/15)
 Temple: D:4-7

Altars:
Yredelemnul
The Shining One

Annotations:
D:4 Blork the orc


Innate Abilities, Weirdness & Mutations

You reflexively headbutt those who attack you in melee.
You have a pair of horns on your head.


Message History

Blork the orc is heavily wounded.
You are feeling very hungry.
Blork the orc gestures at you while chanting.
The puff of frost hits you!
* * * LOW HITPOINT WARNING * * *
Blork the orc barely misses you.
b - a +0 short sword (weapon)
Blork the orc misses you. You furiously retaliate!
You headbutt Blork the orc. You hit Blork the orc.
Blork the orc is severely wounded.
Blork the orc hits you with a halberd!
* * * LOW HITPOINT WARNING * * *
You barely miss Blork the orc.
Blork the orc is severely wounded.
Blork the orc misses you. You furiously retaliate!
You headbutt Blork the orc, but do no damage.
You hit Blork the orc but do no damage.
Blork the orc is severely wounded.
Blork the orc misses you. Blork the orc hits you with a halberd!
You die...

#...# ...
#...# ....
#...# ....
##...#.....
....#.....
..(...... .
#o...#
....###@...#
#....<...#
#...###....#
#. #.####
#.# ... ...
... #....


You could see Blork the orc.

Vanquished Creatures
  The ghost of Clownie the Gusty, an amateur VSAE (D:3)
  7 adders (D:2)
  A gnoll (D:1)
  An ooze (D:2)
  4 worms
  2 giant geckos
  An orc (D:3)
  2 bats
  3 giant cockroaches
  9 goblins
  10 hobgoblins
  10 jackals
  A quokka (D:3)
  3 giant newts
  3 kobolds
  5 rats
63 creatures vanquished.

Vanquished Creatures (others)
  A hobgoblin (D:3)
  A quokka (D:3)
2 creatures vanquished.

Grand Total: 65 creatures vanquished

Notes
Turn   | Place    | Note
--------------------------------------------------------------
     0 | D:1      | Grim the Minotaur Hunter began the quest for the Orb.
     0 | D:1      | Reached XP level 1. HP: 18/18 MP: 0/0
    88 | D:1      | Reached skill level 1 in Short Blades
    92 | D:1      | Reached XP level 2. HP: 25/25 MP: 1/1
   242 | D:1      | Reached skill level 5 in Bows
   266 | D:1      | Reached XP level 3. HP: 30/30 MP: 2/2
   775 | D:2      | Reached XP level 4. HP: 29/37 MP: 3/3
  1843 | D:3      | Reached XP level 5. HP: 42/42 MP: 4/4
  1887 | D:3      | Found a faded altar to an unknown god.
  2002 | D:3      | Noticed Clownie's ghost (amateur VSAE)
  2014 | D:3      | Killed Clownie's ghost
  2014 | D:3      | Reached skill level 6 in Bows
  2185 | D:3      | Found a glowing golden altar of the Shining One.
  2194 | D:3      | Found a basalt altar of Yredelemnul.
  2197 | D:3      | Noticed a profane servitor
  2243 | D:3      | Noticed an angel
  2254 | D:4      | Noticed Blork the orc
  2266 | D:4      | Slain by Blork the orc

Action                   |  1- 3 |  4- 6 || total
-------------------------+-------+-------++-------
Melee: Short sword       |    22 |    57 ||    79
 Fire: Shortbow          |    76 |    51 ||   127
 Stab: Sleeping          |       |     1 ||     1
  Eat: Chunk             |       |     3 ||     3
